 Dungeon Crawl Stone Soup version 0.25-a0-589-g1e14c54 (webtiles) character file.

Game seed: 14714710051063923915, levelgen mode: deterministic

326 BlueFish the Slasher (level 6, -9/84 HPs)
             Began as a Minotaur Fighter on Mar 9, 2020.
             Mangled by an ogre
             ... wielding a +0 giant club
              (15 damage)
             ... on level 4 of the Dungeon.
             The game lasted 00:04:42 (2413 turns).

BlueFish the Slasher (Minotaur Fighter)             Turns: 2413, Time: 00:04:43

Health: -9/84      AC: 23    Str: 21    XL:     6   Next: 24%
Magic:  5/5        EV:  2    Int:  5    God:
Gold:   262        SH:  2    Dex: 11    Spells: 5/5 levels left

rFire    . . .     SeeInvis .   a - +1 long sword
rCold    . . .     Gourm    .   (no shield)
rNeg     + + +     Faith    .   (armour currently unavailable)
rPois    +         Spirit   .   (helmet currently unavailable)
rElec    .         Reflect  +   (cloak currently unavailable)
rCorr    .         Harm     .   (gloves currently unavailable)
MR       .....     NoTele   +   (boots currently unavailable)
Stlth    +.........             s - +2 amulet of reflection
HPRegen  0.24/turn              (no ring)
MPRegen  0.09/turn              (no ring)

@: tree-form
A: (retaliatory headbutt)
a: no special abilities


You were on level 4 of the Dungeon.
You were not hungry.
You were a tree.
You visited 1 branch of the dungeon, and saw 4 of its levels.

You collected 262 gold pieces.

Inventory:

Hand Weapons
 a - a +1 long sword (weapon)
 j - a +0 falchion
 v - a +0 dagger of venom
Armour
 c - a +0 kite shield
 n - a +1 chain mail of fire resistance (melded)
Jewellery
 s - a +2 amulet of reflection (around neck)
Wands
 p - a wand of random effects (14)
Scrolls
 h - a scroll of remove curse
 i - a scroll of enchant armour
 t - a scroll of amnesia
 w - 2 scrolls of teleportation
Potions
 d - a potion of might
 e - a potion of lignification
 g - a potion of cancellation {unknown}
 l - a potion of magic
 m - 3 potions of curing
 o - a potion of mutation {unknown}
 q - 2 potions of flight
 x - a potion of degeneration {unknown}
 z - a potion of heal wounds {unknown}
Comestibles
 b - 5 chunks of flesh
 f - 11 rations


   Skills:
 * Level 5.1 Fighting
 * Level 5.7 Long Blades
 * Level 5.1 Armour
 + Level 0.7 Dodging
 + Level 4.0 Shields


You had 5 spell levels left.
You didn't know any spells.
Your spell library was empty.

Dungeon Overview and Level Annotations

Branches:
Dungeon (4/15)
 Temple: D:4-7

Altars:
Okawaru


Innate Abilities, Weirdness & Mutations

((You reflexively headbutt those who attack you in melee.))
((You have a pair of horns on your head.))


Message History

The gnoll hits you with a +0 club.
* * * LOW HITPOINT WARNING * * *
A gnoll comes into view. It is wielding a +0 club.
Really quaff the potion of lignification?
You turn into a tree.
Your +1 chain mail of fire resistance melds into your body.
You feel less resistant to fire.
Your roots penetrate the ground.
The gnoll hits you but does no damage. The ogre hits you but does no damage.
The gnoll barely misses you.
You slash the ogre!
The ogre is moderately wounded.
The gnoll hits you but does no damage.
The ogre hits you with a +0 giant club!!
* * * LOW HITPOINT WARNING * * *
The gnoll hits you but does no damage.
Okay, then.
Okay, then.
You feel better.
The gnoll hits you but does no damage. x2
The ogre hits you with a +0 giant club!
You die...

# ##### %$ ....#
########....
.#.........
.......g)#
..g...O♣.#
.#....g..#
############'#
+....')).....#
#....#.......#
#....#.....^.#
######''''#########
.................[.
≈≈≈≈≈≈....≈≈≈≈≈≈≈≈≈


You could see an ogre and 3 gnolls.

Vanquished Creatures
  A bullfrog (D:3)
  Ijyb (D:3)
  Terence (D:2)
  Robin (D:3)
  7 gnolls (D:4)
  3 adders
  An ooze (D:2)
  2 dart slugs
  5 worms
  2 leopard geckos
  A ball python (D:3)
  3 giant cockroaches
  14 goblins
  14 hobgoblins
  4 jackals (D:4)
  A quokka (D:2)
  7 bats
  5 frilled lizards
  6 kobolds
  10 rats
89 creatures vanquished.

Notes
Turn   | Place    | Note
-------+----------+-------------------------------------------
     0 | D:1      | BlueFish the Minotaur Fighter began the quest for the Orb.
     0 | D:1      | Reached XP level 1. HP: 19/19 MP: 0/0
   141 | D:1      | Reached XP level 2. HP: 26/27 MP: 1/1
   648 | D:2      | Reached XP level 3. HP: 30/33 MP: 2/2
  1203 | D:2      | Found an iron altar of Okawaru.
  1218 | D:2      | Noticed Terence
  1228 | D:2      | Killed Terence
  1228 | D:2      | Reached XP level 4. HP: 27/41 MP: 3/3
  1538 | D:3      | Noticed Ijyb
  1546 | D:3      | Killed Ijyb
  1586 | D:3      | Noticed Robin
  1597 | D:3      | Killed Robin
  1597 | D:3      | Reached XP level 5. HP: 36/47 MP: 4/4
  1969 | D:3      | Reached skill level 5 in Long Blades
  1969 | D:3      | Reached skill level 5 in Armour
  2295 | D:4      | Reached XP level 6. HP: 51/55 MP: 5/5
  2340 | D:4      | Reached skill level 5 in Fighting
  2412 | D:4      | HP: 1/84 [ogre/+0 giant club (23)]
  2413 | D:4      | Mangled by an ogre

Levels and vault maps discovered:
D:1:      nzn_arrival_settlement, layout_basic, wad_floor_pattern_1
D:2:      layout_loops_ring, okawaru_ov_weapons_minmay, uniq_terence
D:3:      layout_loops_ring, first_ration, uniq_robin, uniq_ijyb
D:4:      lemuel_castle_with_subvaults [lemuel_castle_interior_carwin_3],
          layout_basic, makhleb_grotto_becter, grunt_temple_overflow_opulence,
          minmay_temple_entry_proselytizer, led_sif_pool, uniq_edmund

Skill      XL: |  1  2  3  4  5  6 |
---------------+-------------------+-----
Armour         | 4 5 |  5.1
Fighting       | 4 5 |  5.1
Shields        | 4 |  4.0
Long Blades    | 3 4 5 |  5.7
Dodging        | |  0.7

Action                   |  1- 3 |  4- 6 || total
-------------------------+-------+-------++-------
Melee: Long sword        |    74 |    90 ||   164
       Headbutt          |    12 |    22 ||    34
  Use: Scroll            |     6 |     5 ||    11
       Potion            |       |     2 ||     2
  Eat: Chunk             |     1 |     4 ||     5
Armor: Scale mail        |    31 |       ||    31
       Chain mail        |       |    73 ||    73
       Skin              |       |     5 ||     5
Dodge: Dodged            |    36 |    50 ||    86
Block: Other             |       |     2 ||     2
       Rpst.: Long sword |     4 |    15 ||    19

Table legend:
 A = Non-vault XP
 B = Vault XP
 C = Vault XP percentage of total XP
 D = Non-vault monster count
 E = Vault monster count
 F = Vault count percentage of total count
                 A         B        C        D         E       F
            +---------+---------+-------+---------+---------+-------
      Total |     252 |     215 |  46.0 |      64 |      25 |  28.1
            +---------+---------+-------+---------+---------+-------
        D:1 |      29 |       0 |   0.0 |      19 |       0 |   0.0
        D:2 |      69 |      36 |  34.3 |      24 |       1 |   4.0
        D:3 |     149 |      73 |  32.9 |      19 |      13 |  40.6
        D:4 |       5 |     106 |  95.5 |       2 |      11 |  84.6
            +---------+---------+-------+---------+---------+-------
